 Dungeon Crawl Stone Soup version 0.29-a0-1009-g60c99734e7 (webtiles) character file.

Game seed: 6987019481505582036

679 nickcage the Spear-Bearer (level 7, 0/50 HPs)
             Began as a Merfolk Gladiator on Aug 8, 2022.
             Was an Initiate of the Shining One.
             Splashed by a jelly's acid (6 damage)
             ... on level 5 of the Dungeon.
             The game lasted 00:09:07 (5126 turns).

nickcage the Spear-Bearer (Merfolk Gladiator)       Turns: 5126, Time: 00:09:07

Health: 0/50       AC: -6    Str: 16    XL:     7   Next: 60%
Magic:  7/7        EV:  8    Int:  8    God:    the Shining One [......]
Gold:   255        SH:  0    Dex: 15    Spells: 6/6 levels left

rFire   . . .      SeeInvis .   a - +1 trident
rCold   . . .      Faith    .   (no shield)
rNeg    . . .      Spirit   .   s - +0 chain mail
rPois   .          Reflect  .   c - +0 helmet
rElec   .          Harm     .   (no cloak)
rCorr   .          Rampage  .   f - +0 pair of gloves
Will    .....                   (no boots)
Stlth   ..........              (no amulet)
HPRegen 0.16/turn               (no ring)
MPRegen 0.10/turn               (no ring)

@: corroded, glowing
A: (nimble swimmer 2), mertail
a: Renounce Religion


You were on level 5 of the Dungeon.
You worshipped the Shining One.
The Shining One was noncommittal.
You visited 2 branches of the dungeon, and saw 6 of its levels.

You collected 255 gold pieces.

Inventory:

Hand Weapons
 a - a +1 trident (weapon)
 k - the +3 quarterstaff of the Spheres {flame, rPois rF- rN+++ Str+2}
   (You found it on level 4 of the Dungeon)

   It burns those it strikes, dealing additional fire damage.
   Str:       It affects your strength (+2).
   rF:        It makes you vulnerable to fire.
   rPois:     It protects you from poison.
   rN:        It renders you almost immune to negative energy.
 v - a +0 vorpal spear
Missiles
 d - 2 throwing nets
 e - a javelin
 i - 2 poisoned darts (quivered)
Armour
 b - a +0 leather armour
 c - a +0 helmet (worn)
 f - a +0 pair of gloves (worn)
 j - a +3 leather armour
 s - a +0 chain mail (worn)
Jewellery
 r - a ring of fire
Scrolls
 h - a scroll of magic mapping
 l - a scroll of blinking
 m - 2 scrolls of teleportation
Potions
 g - a potion of might {unknown}
 n - a potion of cancellation {unknown}
 o - 2 potions of haste
 p - a potion of berserk rage {unknown}
 q - 2 potions of curing
 t - a potion of attraction {unknown}
 u - a potion of degeneration {unknown}
 x - a potion of lignification {unknown}


   Skills:
 - Level 2.1 Fighting
 + Level 11.2 Polearms
 - Level 2.0 Throwing
 - Level 4.0 Dodging


You had 6 spell levels left.
You didn't know any spells.
Your spell library contained the following spells:

 Spells                   Type           Power      Damage    Failure   Level
 Blink                    Tloc           0%         N/A       100%        2
 Static Discharge         Conj/Air       0%         3-3/arc   100%        2
 Call Canine Familiar     Summ           0%         N/A       100%        3
 Conjure Flame            Conj/Fire      0%         6-21      100%        3
 Ignite Poison            Fire/Tmut/Pois 0%         N/A       100%        3
 Lesser Beckoning         Tloc           0%         N/A       100%        3
 Ozocubu's Armour         Ice            0%         N/A       100%        3
 Portal Projectile        Hex/Tloc       0%         N/A       100%        3
 Leda's Liquefaction      Hex/Erth       0%         N/A       100%        4
 Sticky Flame             Conj/Fire      0%         2d3       100%        4
 Lightning Bolt           Conj/Air       0%         1d11      100%        5
 Manifold Assault         Tloc           0%         N/A       100%        5
 Metabolic Englaciation   Hex/Ice        0%         N/A       100%        5
 Simulacrum               Ice/Necr       0%         N/A       100%        6
 Maxwell's Capacitive Co  Air            0%         ∞         100%        8


Dungeon Overview and Level Annotations

Branches:
Dungeon (5/15)             Temple (1/1) D:4

Altars:
Ashenzari
Cheibriados
Kikubaaqudgha
Qazlal
Ru
Sif Muna
Trog
Uskayaw
Xom
Yredelemnul
Zin
The Shining One


Innate Abilities, Weirdness & Mutations

((You are very nimble when in or above water. (Stealth+, EV+, Speed+++)))
Your lower body shifts to a powerful aquatic tail in water.


Message History

Found a ring of fire.
The jelly quivers.
You hit the jelly. The acid corrodes you!
Your hands burn!
The jelly is moderately wounded.
The jelly hits you but does no damage.
You hit the jelly. The acid corrodes you!
Your hands burn!
The jelly is severely wounded.
You hit the jelly but do no damage.
Your hands burn!
The jelly is severely wounded.
The jelly hits you. The acid corrodes you!
You are splashed with acid.
You barely miss the jelly.
The jelly is severely wounded.
The jelly hits you. The acid corrodes you!
You are splashed with acid!
You are too injured to fight recklessly!
You are too injured to fight recklessly!
You are too injured to fight recklessly!
You hit the jelly but do no damage.
Your hands burn!
The jelly is severely wounded.
You hit the jelly but do no damage.
Your hands burn!
* * * LOW HITPOINT WARNING * * *
The jelly is severely wounded.
The jelly hits you.
* * * LOW HITPOINT WARNING * * *
You are splashed with acid.
* * * LOW HITPOINT WARNING * * *
The jelly attacks as you move away! The jelly barely misses you.
A scorpion comes into view.
The scorpion moves out of view.
The scorpion stings you!
* * * LOW HITPOINT WARNING * * *
You are lethally poisoned!
The scorpion poisons you!
* * * LOW HITPOINT WARNING * * *
You feel very sick.
You feel better. The scorpion stings you.
* * * LOW HITPOINT WARNING * * *
The jelly hits you.
* * * LOW HITPOINT WARNING * * *
You are splashed with acid.
You die...

..................#+#.#..........
....................#####.......#
##......................#'#...#+#
##.########.##.......#....#####.#
...# #.#.....#........##.... .###
#.#..............##.### .#
#.#............#....... .#
#.#....J...##..#....... .#
#.....@s............... .#
##########......###.... .#
#........###........ .#
#........'_#..##.#..
#######..###..##.#..
#..........#.. #......#####..
######## #.. .........


You could see a scorpion and a jelly.

Vanquished Creatures
  Grinder (D:4)
  A phantom (D:5)
  A scorpion (D:4)
  2 hounds (D:5)
  A jelly (D:5)
  Natasha (thrice) (D:4)
  An iguana (D:4)
  An orc wizard (D:4)
  8 adders
  3 worms
  2 dart slugs
  3 orcs
  3 ball pythons
  4 endoplasms
  2 giant cockroaches
  3 goblins
  3 hobgoblins
  2 jackals (D:1)
  4 bats
  A frilled lizard (D:1)
  9 kobolds
  9 rats
67 creatures vanquished.

Notes
Turn   | Place    | Note
-------+----------+-------------------------------------------
     0 | D:1      | nickcage the Merfolk Gladiator began the quest for the Orb.
     0 | D:1      | Reached XP level 1. HP: 16/16 MP: 1/1
   415 | D:1      | Reached XP level 2. HP: 22/22 MP: 2/2
   538 | D:1      | Reached skill level 5 in Polearms
   938 | D:1      | Reached XP level 3. HP: 27/27 MP: 3/3
  1669 | D:2      | Reached skill level 6 in Polearms
  1904 | D:3      | Reached XP level 4. HP: 29/33 MP: 4/4
  2181 | D:3      | Identified the +0 robe "Fian" {Will+ Int+4 Dex-4}
  2387 | D:3      | Reached skill level 7 in Polearms
  2806 | D:3      | Found a glowing silver altar of Zin.
  2917 | D:4      | Found a snail-covered altar of Cheibriados.
  2918 | D:4      | Noticed a scorpion
  2934 | D:4      | Killed a scorpion
  2935 | D:4      | Reached XP level 5. HP: 26/38 MP: 5/5
  3105 | D:4      | Noticed Natasha
  3119 | D:4      | Killed Natasha
  3120 | D:4      | Reached skill level 8 in Polearms
  3135 | D:4      | Noticed Grinder
  3168 | D:4      | Killed Grinder
  3169 | D:4      | Reached skill level 9 in Polearms
  3169 | D:4      | Reached XP level 6. HP: 11/44 MP: 6/6
  3639 | D:4      | Noticed Natasha
  3647 | D:4      | Killed Natasha
  3648 | D:4      | Reached skill level 10 in Polearms
  3648 | D:4      | Reached XP level 7. HP: 30/50 MP: 7/7
  3777 | D:4      | Noticed a +0 hand axe
  3778 | D:4      | Found a hide-covered altar of Uskayaw.
  3778 | D:4      | Noticed a +0 hand axe
  4175 | D:4      | Found a staircase to the Ecumenical Temple.
  4229 | D:4      | Identified the +3 quarterstaff of the Spheres {flame, rPois
                  | rF- rN+++ Str+2}
  4248 | D:4      | Noticed Natasha
  4257 | D:4      | Killed Natasha
  4272 | Temple   | Entered the Ecumenical Temple
  4283 | Temple   | Became a worshipper of the Shining One
  4582 | D:5      | Entered Level 5 of the Dungeon
  4898 | D:5      | Reached skill level 11 in Polearms
  5084 | D:5      | Found an ancient bone altar of Kikubaaqudgha.
  5125 | D:5      | HP: 1/50 [poisoned by a scorpion]
  5126 | D:5      | Splashed by a jelly's acid

Illustrated notes

Levels and vault maps discovered:
D:1:      roderic_dead_forest, layout_basic
D:2:      layout_basic
D:3:      layout_loops_ring, marbit_many_paths, grunt_decor_fettered
D:4:      layout_cave_pools, dancing_weapons_uskayaw, cheibriados_altar_1,
          minmay_temple_entry_statues, eino_tiny_chamber, uniq_grinder,
          uniq_natasha
D:5:      nicolae_cairo_tiling_very_big, layout_basic, kennysheep_mini_moat,
          kennysheep_another_room
Temple:   nicolae_temple_two_arcs

Skill      XL: |  1  2  3  4  5  6  7 |
---------------+----------------------+-----
Polearms       | 5 6 7 9 10 11 | 11.2
Fighting       | |  2.1
Throwing       | |  2.0
Dodging        | |  4.0

Action                   |  1- 3 |  4- 6 |  7- 9 || total
-------------------------+-------+-------+-------++-------
Melee: Trident           |   110 |    46 |    45 ||   201
       Spear             |       |   105 |    23 ||   128
       Punch             |       |     1 |       ||     1
Throw: Dart              |     1 |     4 |       ||     5
       Throwing net      |       |       |     1 ||     1
  Use: Scroll            |       |       |    11 ||    11
       Potion            |       |       |     1 ||     1
 Stab: Sleeping          |     2 |     1 |       ||     3
Armor: Leather armour    |    21 |     9 |       ||    30
       Chain mail        |       |    35 |    18 ||    53
Dodge: Dodged            |    43 |    37 |    20 ||   100

Table legend: (Time is in decaauts)
 A = Elapsed time spent in this place.
 B = Non-inter-level travel time spent in this place.
 C = Inter-level travel time spent in this place.
 D = Time resting spent in this place.
 E = Time spent auto-exploring this place.
 F = Levels seen in this place.
 G = Mean time per level.
                   A        B        C        D        E       F      G
               +--------+--------+--------+--------+--------+-----+--------+
         Total |   5073 |   4948 |    125 |   1155 |   3118 |   6 |  845.5 |
       Dungeon |   4991 |   4876 |    115 |   1155 |   3061 |   5 |  998.2 |
        Temple |     81 |     71 |     10 |      0 |     57 |   1 |   81.0 |
               +--------+--------+--------+--------+--------+-----+--------+

Top non-repeatable levels by time:
     D:4: 1569 daAuts
     D:3: 1279 daAuts
     D:1: 1003 daAuts
     D:2: 849 daAuts
     D:5: 290 daAuts
  Temple: 81 daAuts
